 Dungeon Crawl Stone Soup version 0.28-a0-655-g4eb62b627b (webtiles) character file.

Game seed: 10816538712531481203

8272 Armakuni the Geomancer (level 11, -10/68 HPs)
             Began as a Human Conjurer on Oct 12, 2021.
             Was a Priest of Vehumet.
             Mangled by a white ugly thing (29 damage)
             ... on level 9 of the Dungeon.
             The game lasted 00:35:52 (13997 turns).

Armakuni the Geomancer (Human Conjurer)            Turns: 13997, Time: 00:35:53

Health: -10/68     AC:  6    Str: 10    XL:     11   Next: 52%
Magic:  11/28      EV: 12    Int: 19    God:    Vehumet [***...]
Gold:   1354       SH:  5    Dex: 12    Spells: 3/20 levels left

rFire   . . .      SeeInvis .   a - staff of earth
rCold   . . .      Faith    .   b - +0 buckler
rNeg    . . .      Spirit   .   q - +0 steam dragon scales
rPois   .          Reflect  .   r - +0 helmet
rElec   .          Harm     .   (no cloak)
rCorr   .          Rampage  .   (no gloves)
Will    .....                   (no boots)
Stlth   ++........              (no amulet)
HPRegen 0.21/turn               P - ring of magical power
MPRegen 0.21/turn               W - ring of wizardry

@: no status effects
A: no striking features
a: Renounce Religion


You were on level 9 of the Dungeon.
You worshipped Vehumet.
Vehumet was most pleased with you.
You visited 2 branches of the dungeon, and saw 10 of its levels.

You collected 1354 gold pieces.

Inventory:

Missiles
 i - 6 curare-tipped darts
 k - a throwing net
Armour
 b - a +0 buckler (worn)
 q - +0 steam dragon scales (worn)
 r - a +0 helmet (worn)
Magical Staves
 a - a staff of earth (weapon)
 o - a staff of death
Jewellery
 E - a +4 ring of evasion
 L - a ring of flight
 P - a ring of magical power (left hand)
 W - a ring of wizardry (right hand)
Wands
 f - a wand of flame (19)
 m - a wand of mindburst (9)
Scrolls
 g - a scroll of fog
 h - a scroll of blinking
 n - 3 scrolls of amnesia
Potions
 c - a potion of resistance {unknown}
 d - a potion of ambrosia
 e - 2 potions of curing
 p - a potion of haste {unknown}


   Skills:
 - Level 2.0 Dodging
 - Level 2.0 Stealth
 - Level 4.0 Shields
 + Level 5.3 Spellcasting
 + Level 5.4 Conjurations
 + Level 5.8 Fire Magic
 - Level 10.0 Earth Magic
 - Level 10.0 Evocations


You had 3 spell levels left.
You knew the following spells:

 Your Spells              Type           Power      Damage    Failure   Level
a - Stone Arrow           Conj/Erth      100%       3d13      1%          3
m - Iskenderun's Mystic   Conj/Tloc      15%        2d5       4%          4
p - Passwall              Tmut/Erth      30%        N/A       1%          2
s - Scorch                Fire           54%        2d7       1%          2
w - Flame Wave            Conj/Fire      26%        3d6       1%          4
z - Searing Ray           Conj           50%        2d6       1%          2

Your spell library contained the following spells:

 Spells                   Type           Power      Damage    Failure   Level
 Static Discharge         Conj/Air       15%        N/A       1%          2
 Foxfire                  Conj/Fire      100%       2x1d9     1%          1
 Magic Dart               Conj           100%       1d8       1%          1
 Sandblast                Erth           100%       2d20      1%          1
 Conjure Flame            Conj/Fire      26%        6-21      1%          3
 Dazzling Flash           Conj/Hex       30%        N/A       1%          3
 Ignite Poison            Fire/Tmut/Pois 12%        N/A       1%          3
 Inner Flame              Hex/Fire       16%        N/A       1%          3
 Poisonous Vapours        Pois/Air       10%        N/A       2%          2
 Beastly Appendage        Tmut           10%        N/A       4%          1
 Summon Small Mammal      Summ           20%        N/A       4%          1
 Corpse Rot               Necr/Air       N/A        N/A       8%          2
 Wereblood                Tmut           5%         N/A       8%          2
 Call Canine Familiar     Summ           5%         N/A       14%         3
 Gell's Gravitas          Tloc           2%         N/A       14%         3
 Lesser Beckoning         Tloc           5%         N/A       14%         3
 Spider Form              Tmut/Pois      2%         N/A       14%         3
 Summon Guardian Golem    Hex/Summ       5%         N/A       14%         3
 Teleport Other           Tloc           5%         N/A       14%         3
 Sticky Flame             Conj/Fire      26%        2d5       1%          4
 Lee's Rapid Deconstruct  Erth           29%        3d16*     1%          5
 Fulminant Prism          Conj/Hex       7%         3d7       4%          4
 Leda's Liquefaction      Hex/Erth       18%        N/A       6%          4
 Statue Form              Tmut/Erth      24%        N/A       65%         6


Dungeon Overview and Level Annotations

Branches:
Dungeon (9/15)             Temple (1/1) D:7            Lair (0/6) D:8
    Orc (0/2) D:9

Altars:
Ashenzari
Cheibriados
Dithmenos
Elyvilon
Fedhas
Gozag
Hepliaklqana
Kikubaaqudgha
Makhleb
Okawaru
Qazlal
Ru
Sif Muna
Trog
Vehumet
Xom
Yredelemnul
Zin
The Shining One

Shops:
D:9 [

Annotations:
D:3 2 transporters, yegreS's ghost, amateur MiFi


Message History

You feel a surge of power!
The stone arrow misses the white ugly thing.
You are covered in liquid flames!
You are no longer on fire.
Casting: Stone Arrow (safe; 1% risk of failure)
Confirm with . or Enter, or press ? or * to list all spells.
Aiming: Stone Arrow (safe; 1% risk of failure)
Press: ? - help, Shift-Dir - straight line, f/p - white ugly thing
Aim: a white ugly thing (78% to hit)
You feel a surge of power!
The stone arrow hits the white ugly thing.
The white ugly thing is lightly wounded.
Casting: Stone Arrow (safe; 1% risk of failure)
Confirm with . or Enter, or press ? or * to list all spells.
Aiming: Stone Arrow (safe; 1% risk of failure)
Press: ? - help, Shift-Dir - straight line, f/p - white ugly thing
Aim: a white ugly thing (lightly wounded, 78% to hit)
You feel a surge of power!
The stone arrow hits the white ugly thing!!
The white ugly thing is heavily wounded.
Casting: Stone Arrow (safe; 1% risk of failure)
Confirm with . or Enter, or press ? or * to list all spells.
Aiming: Stone Arrow (safe; 1% risk of failure)
Press: ? - help, Shift-Dir - straight line, f/p - white ugly thing
Aim: a white ugly thing (heavily wounded, 78% to hit)
You feel a surge of power!
The stone arrow hits the white ugly thing!
The white ugly thing is severely wounded.
The white ugly thing headbutts you! The white ugly thing freezes you!!
Casting: Stone Arrow (safe; 1% risk of failure)
Confirm with . or Enter, or press ? or * to list all spells.
Aiming: Stone Arrow (safe; 1% risk of failure)
Press: ? - help, Shift-Dir - straight line, f/p - white ugly thing
Aim: a white ugly thing (severely wounded, 78% to hit)
You feel a surge of power!
The stone arrow misses the white ugly thing.
The white ugly thing headbutts you.
* * * LOW HITPOINT WARNING * * *
The white ugly thing freezes you!!
You die...

#. e# ########..# #. .#
##.........# . #.#.
##..........#
....###.###......##.>##
#.......e......#.###.#
##...........#)#.###.#
#############.#.....#
#u####### #@# #......#
###.#### .# #


You could see a white ugly thing.

Vanquished Creatures
  A deep elf pyromancer (D:9)
  An ugly thing (D:9)
  The ghost of Megustar the Firebug, a novice DEFE of Vehumet (D:6)
  A komodo dragon (D:7)
  2 wyverns
  3 wraiths
  A vampire (D:9)
  A shadow (D:9)
  7 yaks
  A steam dragon (D:7)
  An acid dragon (D:7)
  5 water moccasins
  A sky beast (D:7)
  3 orc warriors
  3 ice beasts
  3 black bears (D:8)
  2 ogres
  2 centaurs
  A phantom (D:7)
  3 kobold brigands
  5 scorpions
  4 gnoll sergeants
  6 bullfrogs
  2 water moccasin skeletons
  7 killer bees
  A wight (D:7)
  A howler monkey (D:7)
  A quasit (D:6)
  2 centaur zombies
  3 hounds
  An orc priest (D:5)
  3 jellies
  A gnoll shaman (D:7)
  7 iguanas
  A centaur skeleton (D:7)
  8 orc wizards
  2 hound skeletons
  18 gnolls
  6 adders
  2 shadow imps
  5 white imps
  An ufetubus (D:6)
  4 dart slugs
  29 orcs
  13 ball pythons
  4 endoplasms
  5 giant cockroaches
  4 goblins
  9 hobgoblins
  10 jackals
  27 kobolds
  3 quokkas
  A bat (D:3)
  8 frilled lizards
  4 rats (D:1)
251 creatures vanquished.

Vanquished Creatures (others)
  46 fungi (D:8)
  84 plants
130 creatures vanquished.

Grand Total: 381 creatures vanquished

Notes
Turn   | Place    | Note
-------+----------+-------------------------------------------
     0 | D:1      | Armakuni the Human Conjurer began the quest for the Orb.
     0 | D:1      | Reached XP level 1. HP: 13/13 MP: 3/3
   392 | D:1      | Reached XP level 2. HP: 19/19 MP: 0/5
   462 | D:1      | Learned a level 2 spell: Searing Ray
  1071 | D:1      | Reached XP level 3. HP: 24/24 MP: 0/6
  2185 | D:2      | Reached XP level 4. HP: 30/30 MP: 3/8
  2511 | D:2      | Learned a level 3 spell: Stone Arrow
  2511 | D:2      | Identified a scroll of acquirement
  2511 | D:2      | Acquired 891 gold pieces
  3116 | D:3      | Reached skill level 5 in Conjurations
  3116 | D:3      | Reached XP level 5. HP: 35/35 MP: 1/9
  3210 | D:3      | Reached skill level 1 in Earth Magic
  3620 | D:3      | Found a transporter.
  3622 | D:3      | Noticed yegreS's ghost (amateur MiFi)
  3647 | D:3      | Learned a level 2 spell: Passwall
  3740 | D:3      | Found a transporter.
  3773 | D:3      | Found a broken altar of Ashenzari.
  4153 | D:3      | Found a faded altar of an unknown god.
  4546 | D:4      | Reached XP level 6. HP: 40/41 MP: 2/11
  4883 | D:4      | Learned a level 4 spell: Iskenderun's Mystic Blast
  5014 | D:4      | Found a shadowy altar of Dithmenos.
  5170 | D:4      | Found an opulent altar of Gozag.
  5465 | D:5      | Entered Level 5 of the Dungeon
  5572 | D:5      | Found a snail-covered altar of Cheibriados.
  5581 | D:5      | Reached XP level 7. HP: 46/46 MP: 6/13
  6052 | D:5      | Found a radiant altar of Vehumet.
  6060 | D:5      | Reached skill level 5 in Spellcasting
  6068 | D:5      | Became a worshipper of Vehumet
  6550 | D:5      | Reached skill level 5 in Earth Magic
  6550 | D:5      | Reached skill level 1 in Evocations
  6809 | D:6      | Noticed a yak
  6813 | D:6      | Noticed a yak
  6814 | D:6      | Noticed a yak
  6814 | D:6      | Noticed a yak
  6862 | D:6      | Found a transporter.
  6869 | D:6      | Noticed Megustar's ghost (novice DEFE)
  6902 | D:6      | Noticed a yak
  6903 | D:6      | Noticed a yak
  6939 | D:5      | Killed a yak
  6940 | D:5      | Reached XP level 8. HP: 44/52 MP: 5/15
  7014 | D:6      | Killed a yak
  7309 | D:5      | Killed a yak
  7872 | D:6      | Found a white marble altar of Elyvilon.
  7946 | D:5      | Killed a yak
  8060 | D:6      | Reached XP level 9. HP: 57/57 MP: 11/16
  8250 | D:6      | Identified the +3 leather armour "Qurobykh" {Fly rElec rF+
                  | Will-}
  8267 | D:6      | Reached skill level 5 in Evocations
  8439 | D:6      | Found a transporter.
  8604 | D:6      | Found a large runed translucent door.
  8605 | D:6      | Found a large runed translucent door.
  8776 | D:6      | Found a hazy altar of Hepliaklqana.
  8779 | D:6      | Found a glowing silver altar of Zin.
  8962 | D:7      | Noticed a cyan ugly thing
  9038 | D:6      | Killed Megustar's ghost
  9337 | D:7      | Reached * piety under Vehumet
  9337 | D:7      | Offered knowledge of Foxfire by Vehumet.
  9771 | D:7      | Reached XP level 10. HP: 32/63 MP: 6/17
 10061 | D:7      | Reached skill level 1 in Shields
 10125 | D:7      | Noticed a komodo dragon
 10128 | D:7      | Killed a komodo dragon
 10648 | D:7      | Identified the +5 glaive "Qorawe" {distort, Dex+8}
 11251 | D:7      | Found a basalt altar of Yredelemnul.
 11319 | D:7      | Found a staircase to the Ecumenical Temple.
 11323 | D:7      | Reached ** piety under Vehumet
 11324 | D:7      | Offered knowledge of Scorch by Vehumet.
 11333 | D:7      | Reached skill level 10 in Earth Magic
 11421 | Temple   | Entered the Ecumenical Temple
 11586 | D:7      | Found a blossoming altar of Fedhas.
 12072 | D:8      | Reached XP level 11. HP: 62/68 MP: 18/18
 12128 | D:8      | Found a staircase to the Lair.
 12273 | D:8      | Learned a level 4 spell: Flame Wave
 12308 | D:8      | Learned a level 2 spell: Scorch
 12623 | D:8      | Reached skill level 10 in Evocations
 12808 | D:8      | Reached skill level 1 in Fire Magic
 13329 | D:9      | Offered knowledge of Static Discharge by Vehumet.
 13540 | D:9      | Found Queseska's Armour Emporium.
 13569 | D:9      | Reached skill level 5 in Fire Magic
 13691 | D:9      | Reached *** piety under Vehumet
 13820 | D:9      | Found a staircase to the Orcish Mines.
 13976 | D:9      | Noticed a deep elf pyromancer
 13976 | D:9      | Noticed a red ugly thing
 13977 | D:9      | Noticed a white ugly thing
 13989 | D:9      | Killed a red ugly thing
 13992 | D:9      | Killed a deep elf pyromancer
 13997 | D:9      | Mangled by a white ugly thing

Illustrated notes

Levels and vault maps discovered:
D:1:      psy_arrival_conway, layout_loops_corners, serial_rivers,
          chequers_serial_rivers_micro_e, chequers_serial_rivers_marsh,
          chequers_serial_rivers_small_b, chequers_serial_rivers_small_a,
          chequers_serial_rivers_room_b, chequers_serial_rivers_small_3,
          chequers_serial_rivers_marsh, kennysheep_nondescript
D:2:      layout_basic
D:3:      layout_basic, ashenzari_conservatory_becter,
          dilly_ecumenical_altar_fadedgnrine, gammafunk_ghost_mausoleum,
          minmay_misc_feat_room, st_stairs_5
D:4:      layout_loops_cross, nicolae_dithmenos_through_a_glass_darkly,
          nicolae_gozag_cash_rules_everything_around_me
D:5:      layout_loops_corners, vehumet_altar_wand_db,
          mainiacjoe_overflow_tiny_flanked, minmay_misc_feat_ornament
D:6:      layout_cave_pools, elyvilon_altar_3, jmf_multi_god_temple2,
          gammafunk_ghost_stat_death, nicolae_benzene_ring
D:7:      nzn_winding_woodlands_cross
          [nzn_winding_woodlands_5x15_river_crossing,
          nzn_winding_woodlands_5x15_crooked,
          nzn_winding_woodlands_5x15_pathside_ponds,
          nzn_winding_woodlands_5x15_pool,
          nzn_winding_woodlands_15x15_five_gardens], layout_basic,
          old_standard_altar, mainiacjoe_overflow_alcove_4,
          minmay_temple_entry_antechambers
D:8:      layout_basic, due_lair_maze_entry_diamond
D:9:      minmay_the_grid_octo_tiled_squarecenter
          [minmay_the_grid_octo_checkerflower, minmay_the_grid_octo_odd_swirl,
          minmay_the_grid_octo_teeth, minmay_the_grid_octo_77,
          minmay_the_grid_square_5x5_megaprize_checkered,
          minmay_the_grid_square_5x5_two_walls_a,
          minmay_the_grid_square_5x5_bite, minmay_the_grid_square_5x5_shuriken,
          minmay_the_grid_square_5x5_beaten_path], layout_basic,
          nicolae_overflow_crystal_walls, orc_david_3
Temple:   nicolae_temple_figure_zero

Skill      XL: |  1  2  3  4  5  6  7  8  9 10 11 |
---------------+----------------------------------+-----
Spellcasting   | 3 4 5 |  5.3
Conjurations   | 5 |  5.4
Earth Magic    | 2 3 5 6 8 10 | 10.0
Evocations     | 2 4 7 9 10 | 10.0
Shields        | 4 |  4.0
Fire Magic     | 5 |  5.8
Dodging        | |  2.0
Stealth        | |  2.0

Action                   |  1- 3 |  4- 6 |  7- 9 | 10-12 || total
-------------------------+-------+-------+-------+-------++-------
Melee: Unarmed           |    12 |       |       |       ||    12
       Mace              |       |    21 |     6 |       ||    27
       Staff             |       |     2 |     6 |     6 ||    14
 Cast: Magic Dart        |    15 |       |       |       ||    15
       Searing Ray       |    27 |    51 |    24 |    32 ||   134
       Stone Arrow       |       |     2 |    74 |   114 ||   190
       Scorch            |       |       |       |     1 ||     1
       Flame Wave        |       |       |       |     1 ||     1
Evoke: Wand              |       |       |     7 |    10 ||    17
  Use: Scroll            |       |     5 |     3 |     3 ||    11
       Potion            |       |     4 |     1 |       ||     5
Armor: Robe              |     1 |     8 |    12 |     2 ||    23
       Skin              |       |    16 |    73 |       ||    89
       Steam dragon scal |       |       |       |    19 ||    19
Dodge: Dodged            |    14 |    23 |    78 |    34 ||   149
Block: Buckler           |       |       |       |    10 ||    10

Table legend: (Time is in decaauts)
 A = Elapsed time spent in this place.
 B = Non-inter-level travel time spent in this place.
 C = Inter-level travel time spent in this place.
 D = Time resting spent in this place.
 E = Time spent auto-exploring this place.
 F = Levels seen in this place.
 G = Mean time per level.
                   A        B        C        D        E       F      G
               +--------+--------+--------+--------+--------+-----+--------+
         Total |  14050 |  13655 |    395 |   4898 |   6571 |  10 | 1405.0 |
       Dungeon |  13926 |  13540 |    386 |   4898 |   6459 |   9 | 1547.3 |
        Temple |    123 |    114 |      9 |      0 |    112 |   1 |  123.0 |
               +--------+--------+--------+--------+--------+-----+--------+

Top non-repeatable levels by time:
     D:7: 2615 daAuts
     D:5: 2055 daAuts
     D:1: 1871 daAuts
     D:6: 1622 daAuts
     D:8: 1539 daAuts
     D:2: 1310 daAuts
     D:4: 1179 daAuts
     D:3: 1147 daAuts
     D:9: 584 daAuts
  Temple: 123 daAuts
